 Dungeon Crawl Stone Soup version 0.18-a0-316-gf882de5 (console) character file.

45 bli the Cutter (level 3, 0/27 HPs)
             Began as a Merfolk Wanderer on Nov 27, 2015.
             Succumbed to an adder's poison
             ... on level 2 of the Dungeon.
             The game lasted 00:04:24 (965 turns).

bli the Cutter (Merfolk Wanderer)                    Turns: 965, Time: 00:04:24

Health: 0/27       AC:  2    Str: 11    XL:     3   Next: 64%
Magic:  3/3        EV: 12    Int: 10    God:
Gold:   26         SH:  0    Dex: 18    Spells: 0 memorised, 2 levels left

rFire  . . .     SeeInvis .     a - +2 dagger (drain)
rCold  . . .     Clarity  .     d - +0 robe
rNeg   . . .     SustAt   .     (no shield)
rPois  .         Gourm    .     (no helmet)
rElec  .         Spirit   .     (no cloak)
rCorr  .         Warding  .     (no gloves)
rMut   .         Stasis   .     (no boots)
MR     .....                    (no amulet)
Stlth  ++........               (no ring)
                                q - +2 ring of intelligence

@: lethally poisoned (0 -> -8), not resistant to hostile enchantments,
unstealthy
A: change form in water, swift swim
a: no special abilities


You were on level 2 of the Dungeon.
You were not hungry.

You visited 1 branch of the dungeon, and saw 2 of its levels.

You collected 26 gold pieces.

Inventory:

Hand Weapons
 a - a +2 dagger of draining (weapon)
 b - a +0 short sword
 h - a +0 dagger
 s - a cursed -3 hunting sling
Missiles
 j - 65 stones (quivered)
 l - 5 tomahawks
Armour
 d - a +0 robe (worn)
Jewellery
 q - a +2 ring of intelligence (left hand)
Wands
 c - a wand of random effects (15)
Scrolls
 f - a scroll of enchant armour {unknown}
 k - 2 scrolls of remove curse {unknown}
 n - a scroll of teleportation {unknown}
 r - a scroll of random uselessness {unknown}
 u - a scroll of immolation {unknown}
 v - a scroll of identify {unknown}
Potions
 m - a potion of heal wounds {unknown}
 t - a potion of flight {unknown}
Books
 p - a book of Geomancy

   Spells                             Type                      Level
   a - Sandblast                      Earth                        1
   b - Stoneskin                      Transmutation/Earth          2
   c - Passwall                       Transmutation/Earth          3
   d - Stone Arrow                    Conjuration/Earth            3
   e - Petrify                        Transmutation/Earth          4
   f - Lee's Rapid Deconstruction     Earth                        5
Comestibles
 e - a bread ration
 o - a meat ration


   Skills:
 * Level 1.8 Fighting
 + Level 5.7 Short Blades
 * Level 1.8 Dodging
 + Level 1.1 Stealth
   Level 4.0 Transmutations
 + Level 1.0 Evocations


You had 2 spell levels left.
You didn't know any spells.

Dungeon Overview and Level Annotations

Branches:
Dungeon (2/15)

Altars:


Message History

* * * LOW HITPOINT WARNING * * *
You feel sick. The adder bites you but does no damage.
You closely miss the adder.
The adder is almost dead.
The kobold throws a stone.
The stone hits you but does no damage.
You hit the adder.
You kill the adder!
* * * LOW HITPOINT WARNING * * *
You feel sick.
The kobold throws a stone.
The stone barely misses you.
* * * LOW HITPOINT WARNING * * *
You feel sick.
The kobold throws a stone.
The stone closely misses you.
You see here a club.
* * * LOW HITPOINT WARNING * * *
You feel sick. The kobold barely misses you.
You see here 9 gold pieces.
You hit the kobold. You drain the kobold!
You kill the kobold!
Drink which item? (? for menu, Esc to quit)
It was a potion of cancellation.
You feel magically purged.
You die...

#. #....)... #........
........##..# #.......#
......[....[####.......#
........#.<............#
.......)...............#
........8.....8........#
.......................#
......)...>.............
.......@................
...)....).........#####.
.........(........# #.
####....8.....8...# #.
#............#######.
#........(#### #....
#........## #.##.
#.......## #.##.
#.......# #.##.
#.......# #.##.
#.......# #.##.


There were no monsters in sight!

Vanquished Creatures
  2 adders (D:2)
  An ooze (D:2)
  A giant cockroach (D:1)
  2 hobgoblins (D:1)
  4 bats
  A giant newt (D:1)
  5 goblins
  4 kobolds
  2 rats (D:2)
22 creatures vanquished.

Notes
Turn   | Place    | Note
--------------------------------------------------------------
     0 | D:1      | bli the Merfolk Wanderer began the quest for the Orb.
     0 | D:1      | bli set off with: a book of Geomancy, a +0 short sword, a wand of random effects (15), a +0 robe, a bread ration
     0 | D:1      | Reached XP level 1. HP: 15/15 MP: 1/1
   124 | D:1      | Reached skill level 5 in Short Blades
   208 | D:1      | Reached XP level 2. HP: 15/21 MP: 2/2
   351 | D:1      | Reached skill level 1 in Dodging
   696 | D:2      | Reached XP level 3. HP: 12/27 MP: 3/3
   963 | D:2      | HP: 1/27 [poisoned by an adder]
   965 | D:2      | Succumbed to an adder's poison

Vault maps used:
D:1:      lemuel_arrival_broad_hall
D:2:      minivault_26, st_stairs_1

Action                   || total
-------------------------++-------
Melee: Short sword       ||    35
       Dagger            ||    50
  Use: Potion            ||     1
